 Dungeon Crawl Stone Soup version 0.21.1-1-g345015f (webtiles) character file.

17341 Mirai the Geomancer (level 12, -39/66 HPs)
             Began as a Gargoyle Earth Elementalist on Feb 24, 2018.
             Was a High Priest of Vehumet.
             Killed from afar by Azrael (49 damage)
             ... with damnation
             ... on level 2 of the Orcish Mines.
             The game lasted 00:59:40 (13046 turns).

Mirai the Geomancer (Gargoyle Earth Elementalist)  Turns: 13046, Time: 00:59:41

Health: -39/66     AC: 28    Str: 13    XL:     12   Next: 47%
Magic:  3/27       EV:  9    Int: 20    God:    Vehumet [*****.]
Gold:   661        SH:  0    Dex: 10    Spells: 15/33 levels left

rFire    + + .     SeeInvis .   J - +5 flail (crush)
rCold    x . .     Gourm    .   (no shield)
rNeg     + . .     Faith    .   w - +0 fire dragon scales
rPois    ∞         Spirit   .   (no helmet)
rElec    +         Reflect  .   m - +2 cloak
rCorr    .         Harm     .   s - +0 pair of gloves
MR       .....                  (no boots)
Stlth    ..........             (no amulet)
HPRegen  0.21/turn              Q - +6 ring of protection
MPRegen  0.20/turn              p - ring of wizardry

@: about to teleport
A: negative energy resistance 1, electricity resistance, unbreathing,
petrification resistance, rot immunity, AC +8
a: Renounce Religion


You were on level 2 of the Orcish Mines.
You worshipped Vehumet.
Vehumet was extremely pleased with you.
You were not hungry.

You visited 2 branches of the dungeon, and saw 13 of its levels.

You collected 1272 gold pieces.
You spent 611 gold pieces at shops.

Inventory:

Hand Weapons
 f - a cursed -1 mace
 h - a +1 scimitar
 l - a +0 dire flail
 o - a +0 mace
 q - a +0 flail
 r - a +3 great sword
 z - a +0 flail
 B - a +0 dire flail
 C - a +0 flail
 F - a +0 short sword
 H - a +0 morningstar
 J - a +5 flail of crushing (weapon)
 K - a +1 mace of protection
 M - a +0 flail
 O - a +0 dire flail
 R - a +0 dire flail
 S - a +2 dagger of flaming
Armour
 b - a +0 troll leather armour
 m - a +2 cloak (worn)
 s - a +0 pair of gloves (worn)
 w - +0 fire dragon scales (worn)
 E - a +0 robe
 G - a +1 robe of magic resistance
Jewellery
 p - a ring of wizardry (right hand)
 t - the ring of Zeetzior {+Fly MR+ Str+3 Stlth+}
   (You bought it in a shop on level 1 of the Orcish Mines)

   [ring of flight]

   It affects your strength (+3).
   It affects your resistance to hostile enchantments.
   It lets you fly.
   It makes you more stealthy.
 Q - a +6 ring of protection (left hand)
Wands
 c - a wand of scattershot (4)
 u - a wand of enslavement (9)
 x - a wand of random effects (12)
 y - a wand of polymorph (8)
 L - a wand of digging (14)
Scrolls
 a - 4 scrolls of teleportation
 g - 3 scrolls of blinking
 j - 12 scrolls of identify
 v - a scroll of remove curse
 P - a scroll of magic mapping
Potions
 i - 2 potions of brilliance
 k - 4 potions of curing
 n - a potion of haste
 A - 2 potions of flight
 N - a potion of might
Books
 e - a book of Geomancy

   Spells                             Type                      Level
   a - Sandblast                      Earth                        1
   b - Passwall                       Transmutation/Earth          2
   c - Stone Arrow                    Conjuration/Earth            3
   d - Petrify                        Transmutation/Earth          4
   e - Lee's Rapid Deconstruction     Earth                        5
Miscellaneous
 I - a fan of gales
Comestibles
 d - 15 rations


   Skills:
 * Level 4.3 Fighting
 * Level 3.5 Armour
 - Level 1.5 Dodging
 - Level 2.1 Stealth
 + Level 11.4 Spellcasting
 * Level 9.0 Conjurations
   Level 0.7 Transmutations
 * Level 5.1 Fire Magic
 + Level 13.5 Earth Magic
 + Level 0.1 Evocations


You had 15 spell levels left.
You knew the following spells:

 Your Spells              Type           Power        Failure   Level  Hunger
a - Sandblast             Erth           ######       1%          1    None
b - Stone Arrow           Conj/Erth      ######       1%          3    None
c - Lee's Rapid Deconstr  Erth           ######....   1%          5    ####...
d - Sticky Flame          Conj/Fire      #####...     2%          4    ##.....
e - Fireball              Conj/Fire      #####.....   6%          5    ####...


Dungeon Overview and Level Annotations

Branches:
Dungeon (11/15)            Temple (0/1) D:7            Lair (0/6) D:10
    Orc (2/2) D:11            Elf (0/3) Orc:2

Altars:
Ashenzari
Fedhas
Gozag
Hepliaklqana
Makhleb
Qazlal
Trog
Vehumet
Wu Jian
Yredelemnul
Zin

Shops:
D:9 *   D:11 ?   Orc:1 *

Annotations:
Orc:2 Azrael


Innate Abilities, Weirdness & Mutations

You are resistant to torment.
Your stone body is resilient. (AC +8)
You are immune to poison.
You resist negative energy. (rN+)
You are resistant to electric shocks. (rElec)
You can survive without breathing.
You are immune to petrification.
You are immune to rotting.


Message History

Confirm with . or Enter, or press ? or * to list all spells.
You don't have enough magic to cast that spell.
Okay, then.
Casting: Lee's Rapid Deconstruction
Confirm with . or Enter, or press ? or * to list all spells.
You don't have enough magic to cast that spell.
Casting: Lee's Rapid Deconstruction
Confirm with . or Enter, or press ? or * to list all spells.
You don't have enough magic to cast that spell.
Azrael gestures at you.
The sphere of damnation explodes!
The damnation engulfs you!
* * * LOW HITPOINT WARNING * * *
Unknown command.
Okay, then.
As you read the scroll of teleportation, it crumbles to dust.
You feel strangely unstable. Azrael gestures at you.
The sphere of damnation explodes!
The damnation engulfs you!
Ouch! That really hurt!
You die...

##...........#
..#.......#.##
.............#
.....#....#.##
.........########
.......#.#...##.##
............§....#
......#......§..##
..............R.@#
.....#..#...##.##
....#....#...###
.............#
............#.#
...............
.....>.... ..


You could see Azrael.

Vanquished Creatures
  A two-headed ogre (D:10)
  3 orc sorcerers
  2 orc knights (Orc:1)
  A cyclops (D:11)
  3 deep elf magi (D:11)
  A gargoyle (D:10)
  2 naga magi (D:11)
  6 trolls
  A hornet (D:9)
  A wyvern (D:7)
  A wraith (D:11)
  A fire elemental (Orc:2)
  Eustachio (D:4)
  16 yaks
  Menkaure (D:6)
  A water moccasin (D:7)
  7 hell hounds
  9 orc warriors
  5 porcupines (D:10)
  2 sky beasts
  3 black bears
  An eye of draining (D:11)
  2 necrophages
  13 ogres
  6 centaurs
  A crocodile (D:10)
  4 big kobolds
  5 bullfrogs
  3 scorpions
  3 killer bees (D:10)
  6 wights
  4 howler monkeys
  2 bullfrog zombies
  3 crimson imps
  2 bullfrog skeletons
  A jelly (D:9)
  13 orc priests
  4 hounds
  21 orc wizards
  2 centaur skeletons
  4 iguanas
  6 worker ants
  3 killer bee zombies
  2 worker ant zombies
  A gnoll (D:1)
  9 adders
  2 shadow imps
  An ooze (D:1)
  2 adder zombies
  An adder skeleton (D:5)
  4 worms
  3 dart slugs (D:1)
  4 leopard geckos
  54 orcs
  A ball python (D:1)
  3 giant cockroaches
  2 gnoll zombies (D:2)
  3 goblins
  12 hobgoblins
  9 jackals
  6 quokkas
  8 bats
  2 frilled lizards
  A jackal skeleton (D:5)
  24 kobolds
  9 rats
  A fungus (D:10)
341 creatures vanquished.

Vanquished Creatures (others)
  An orc wizard (Orc:2)
  2 orc priests
  An orc (Orc:2)
  4 fungi (D:10)
  A plant (D:10)
9 creatures vanquished.

Grand Total: 350 creatures vanquished

Notes
Turn   | Place    | Note
-------+----------+-------------------------------------------
     0 | D:1      | Mirai the Gargoyle Earth Elementalist began the quest for the Orb.
     0 | D:1      | Reached XP level 1. HP: 10/10 MP: 3/3
    52 | D:1      | Reached skill level 4 in Earth Magic
    52 | D:1      | Reached XP level 2. HP: 15/15 MP: 1/5
   370 | D:1      | Reached XP level 3. HP: 18/19 MP: 4/6
   792 | D:2      | Learned a level 3 spell: Stone Arrow
   952 | D:2      | Found a basalt altar of Yredelemnul.
  1060 | D:2      | Reached XP level 4. HP: 22/24 MP: 5/8
  1486 | D:3      | Reached skill level 5 in Earth Magic
  1608 | D:3      | Reached skill level 1 in Conjurations
  1608 | D:3      | Reached XP level 5. HP: 11/28 MP: 5/10
  1860 | D:3      | Learned a level 5 spell: Lee's Rapid Deconstruction
  2451 | D:4      | Reached XP level 6. HP: 11/32 MP: 6/12
  2736 | D:4      | Noticed Eustachio
  2911 | D:4      | Killed Eustachio
  2911 | D:4      | Reached skill level 6 in Earth Magic
  3003 | D:4      | Reached XP level 7. HP: 36/36 MP: 9/14
  3342 | D:4      | Found a radiant altar of Vehumet.
  3345 | D:4      | Became a worshipper of Vehumet
  3582 | D:5      | Entered Level 5 of the Dungeon
  3748 | D:5      | Reached skill level 5 in Spellcasting
  3989 | D:5      | Found an opulent altar of Gozag.
  4031 | D:5      | Reached skill level 7 in Earth Magic
  4264 | D:5      | Found a burning altar of Makhleb.
  4383 | D:5      | Found a glowing silver altar of Zin.
  4390 | D:5      | Found a bloodstained altar of Trog.
  4861 | D:6      | Reached XP level 8. HP: 38/41 MP: 12/16
  4934 | D:6      | Found a blossoming altar of Fedhas.
  5009 | D:6      | Reached * piety under Vehumet
  5009 | D:6      | Offered knowledge of Flame Tongue by Vehumet.
  5131 | D:6      | Noticed Menkaure
  5132 | D:6      | Killed Menkaure
  5244 | D:7      | Reached skill level 8 in Earth Magic
  5338 | D:7      | Found a staircase to the Ecumenical Temple.
  5613 | D:7      | Noticed a wyvern
  5617 | D:7      | Killed a wyvern
  5617 | D:7      | Reached skill level 5 in Conjurations
  5617 | D:7      | Reached skill level 9 in Earth Magic
  5617 | D:7      | Reached XP level 9. HP: 45/45 MP: 16/19
  5678 | D:7      | Offered knowledge of Throw Frost by Vehumet.
  5678 | D:7      | Reached ** piety under Vehumet
  5870 | D:7      | Found a hazy altar of Hepliaklqana.
  6362 | D:8      | Found a stormy altar of Qazlal.
  6857 | D:9      | Reached skill level 10 in Earth Magic
  6862 | D:9      | Found Lizxuhuo's Assorted Antiques.
  6889 | D:9      | Offered knowledge of Searing Ray by Vehumet.
  6952 | D:9      | Bought a dyed leather armour for 165 gold pieces
  7034 | D:9      | Found an ornate altar of the Wu Jian Council.
  7099 | D:9      | Noticed a troll
  7106 | D:9      | Killed a troll
  7106 | D:9      | Reached XP level 10. HP: 31/50 MP: 19/22
  7275 | D:9      | Reached *** piety under Vehumet
  7364 | D:9      | Reached skill level 11 in Earth Magic
  7444 | D:9      | Found a shattered altar of Ashenzari.
  7654 | D:9      | Offered knowledge of Sticky Flame by Vehumet.
  7782 | D:9      | Learned a level 4 spell: Sticky Flame
  7817 | D:10     | Entered Level 10 of the Dungeon
  7817 | D:10     | Noticed a gargoyle
  7820 | D:10     | Killed a gargoyle
  7975 | D:10     | Reached skill level 1 in Fire Magic
  8051 | D:10     | Reached **** piety under Vehumet
  8063 | D:10     | Found a staircase to the Lair.
  8136 | D:10     | Noticed a two-headed ogre
  8144 | D:10     | HP: 1/50 [two-headed ogre/dire flail (13)]
  8145 | D:10     | Killed a two-headed ogre
  8145 | D:10     | Reached skill level 10 in Spellcasting
  8145 | D:10     | Reached skill level 12 in Earth Magic
  8145 | D:10     | Reached XP level 11. HP: 1/54 MP: 1/25
  8631 | D:10     | Offered knowledge of Fireball by Vehumet.
  8777 | D:10     | Learned a level 5 spell: Fireball
  8806 | D:11     | Noticed a cyclops
  8816 | D:11     | Killed a cyclops
  9048 | D:11     | Found a stormy altar of Qazlal.
  9135 | D:11     | Found Urphache's Magic Scroll Emporium.
  9158 | D:11     | Bought a scroll of magic mapping for 49 gold pieces
  9158 | D:11     | Bought a scroll of remove curse for 42 gold pieces
  9158 | D:11     | Bought a scroll of blinking for 105 gold pieces
  9158 | D:11     | Bought a scroll of enchant armour for 105 gold pieces
  9297 | D:11     | Reached skill level 1 in Fighting
 10120 | D:11     | Found a staircase to the Orcish Mines.
 10229 | D:11     | Noticed a deep elf mage
 10231 | D:11     | Killed a deep elf mage
 10238 | D:11     | Noticed a deep elf mage
 10246 | D:11     | Killed a deep elf mage
 10246 | D:11     | Reached skill level 1 in Armour
 10248 | D:11     | Noticed a deep elf mage
 10255 | D:11     | Reached ***** piety under Vehumet
 10257 | D:11     | Killed a deep elf mage
 10394 | D:11     | Noticed a vampire mage
 10400 | D:11     | Noticed a vampire mage
 10691 | Orc:1    | Entered Level 1 of the Orcish Mines
 10693 | Orc:1    | Noticed an orc sorcerer
 10697 | Orc:1    | Killed an orc sorcerer
 10697 | Orc:1    | Reached skill level 13 in Earth Magic
 10713 | Orc:1    | Offered knowledge of Lightning Bolt by Vehumet.
 10786 | Orc:1    | Reached XP level 12. HP: 64/64 MP: 23/27
 11230 | Orc:1    | Found Jaqetoc's Assorted Antiques.
 11242 | Orc:1    | Bought a heavily runed amber ring for 145 gold pieces
 11243 | Orc:1    | Identified the ring of Zeetzior {+Fly MR+ Str+3 Stlth+} (You bought it in a shop on level 1 of the Orcish Mines)
 11664 | Orc:2    | Entered Level 2 of the Orcish Mines
 12137 | Orc:2    | Paralysed by an orc sorcerer for 7 turns
 12523 | Orc:2    | Reached skill level 5 in Fire Magic
 12728 | Orc:2    | Noticed a soul eater
 12732 | Orc:2    | Noticed Azrael
 13029 | Orc:2    | Found a staircase to the Elven Halls.
 13046 | Orc:2    | Killed from afar by Azrael

Skill      XL: |  1  2  3  4  5  6  7  8  9 10 11 12 |
---------------+-------------------------------------+-----
Earth Magic    | 4 5 6 7 9 10 12 13 | 13.5
Spellcasting   | 3 4 5 7 8 10 11 | 11.4
Conjurations   | 1 2 3 5 6 7 8 9 |  9.0
Fire Magic     | 2 4 5 |  5.1
Fighting       | 3 4 |  4.3
Armour         | 2 3 |  3.5
Dodging        | |  1.5
Stealth        | |  2.1
Transmutations | |  0.7
Evocations     | |  0.1

Action                   |  1- 3 |  4- 6 |  7- 9 | 10-12 || total
-------------------------+-------+-------+-------+-------++-------
Melee: Unarmed           |     3 |       |       |       ||     3
       Hand axe          |     2 |    32 |       |       ||    34
       Short sword       |       |    66 |    94 |     6 ||   166
       Battleaxe         |       |       |       |    20 ||    20
       Flail             |       |       |       |    39 ||    39
Throw: Stone             |     1 |       |     1 |       ||     2
 Cast: Sandblast         |    41 |    44 |   109 |   130 ||   324
       Lee's Rapid Decon |       |     2 |    24 |    70 ||    96
       Stone Arrow       |       |     1 |    11 |   105 ||   117
       Fireball          |       |       |       |     6 ||     6
Evoke: Wand              |       |       |       |     2 ||     2
  Use: Scroll            |       |       |    11 |    13 ||    24
       Potion            |       |       |     9 |     2 ||    11
 Stab: Sleeping          |       |     3 |     1 |       ||     4
  Eat: Chunk             |     1 |     5 |    13 |    27 ||    46
       Ration            |       |     1 |     2 |     2 ||     5
Armor: Robe              |    10 |    43 |    75 |       ||   128
       Leather armour    |       |       |     5 |    38 ||    43
       Scale mail        |       |       |       |    44 ||    44
       Fire dragon scale |       |       |       |    98 ||    98
Dodge: Dodged            |    13 |    94 |   107 |   126 ||   340
